 Dungeon Crawl Stone Soup version 0.32-a0-38-gb04dd89b9b (webtiles) character file.

Game seed: 7041598899659331672

677 IdlyInterested the Sneak (level 7, -3/56 HPs)
             Began as a Demonspawn Gladiator on Jan 22, 2024.
             Slain by Pokonic1's ghost (6 damage)
             ... on level 3 of the Dungeon on Jan 23, 2024.
             The game lasted 00:11:44 (3598 turns).

IdlyInterested the Sneak (Demonspawn Gladiator)     Turns: 3598, Time: 00:11:44

Health: -3/56      AC:  8    Str: 17    XL:     7   Next: 33%
Magic:  8/8        EV: 11    Int:  8    God:
Gold:   201        SH:  0    Dex: 14    Spells: 8/8 levels left

rFire   . . .        a - +0 war axe
rCold   . . .        (no shield)
rNeg    . . .        g - +0 ring mail
rPois   .            q - +0 helmet
rElec   .            (no cloak)
rCorr   .            (no gloves)
SInv    .            (no boots)
Will    .....        (no amulet)
Stlth   ++           (no ring)
HPRegen 0.29/turn    (no ring)
MPRegen 0.11/turn

%: no passive effects
@: no status effects
A: molten scales 1, demonic magic 1, weakness stinger 2
a: no special abilities


You were on level 3 of the Dungeon.
You visited 1 branch of the dungeon, and saw 3 of its levels.

You collected 201 gold pieces.

Inventory:

Hand Weapons
 a - a +0 war axe (weapon)
 o - a +0 dagger
Missiles
 d - 3 throwing nets
 e - 6 javelins
 k - 2 poisoned darts (quivered)
 n - 27 stones
Armour
 b - a +0 leather armour
 g - a +0 ring mail (worn)
 q - a +0 helmet (worn)
Magical Staves
 i - a staff of alchemy
Jewellery
 t - a ring of ice
 u - a ring of ice
Wands
 m - a wand of iceblast (2)
Scrolls
 c - a scroll of acquirement {unknown}
 f - a scroll of fog
 h - 2 scrolls of butterflies
 s - a scroll of teleportation
Potions
 j - a potion of invisibility {unknown}
 p - a potion of brilliance {unknown}
 r - a potion of heal wounds {unknown}


   Skills:
 - Level 5.0 Fighting
 - Level 1.0 Short Blades
 - Level 3.0 Axes
 - Level 2.0 Throwing
 - Level 1.0 Armour
 - Level 3.0 Dodging
 * Level 5.1 Stealth
 - Level 1.0 Shields
 - Level 1.0 Unarmed Combat
 - Level 1.0 Spellcasting
 + Level 0.0 Alchemy


You had 8 spell levels left.
You didn't know any spells.
Your spell library was empty.

Dungeon Overview and Level Annotations

Branches:
Dungeon (3/15)

Altars:
Hepliaklqana
Qazlal
Wu Jian

Annotations:
D:3 1 transporter, Pokonic1's ghost, amateur OnBe


Innate Abilities, Weirdness & Mutations

You are partially covered in molten scales. (AC +2)
Spells you cast may paralyse adjacent enemies.
You have a tail ending in a sharp stinger.


Message History

Pokonic1's ghost is heavily damaged.
Pokonic1's ghost hits you. Pokonic1's ghost burns you.
You slash Pokonic1's ghost!
You tail-slap Pokonic1's ghost, but do no damage.
Pokonic1's ghost is severely damaged.
Pokonic1's ghost hits you. Pokonic1's ghost burns you.
You closely miss Pokonic1's ghost.
Pokonic1's ghost is severely damaged.
Pokonic1's ghost hits you but does no damage.
Pokonic1's ghost hits you. Pokonic1's ghost burns you.
You barely miss Pokonic1's ghost.
Pokonic1's ghost is severely damaged.
Pokonic1's ghost hits you but does no damage.
You closely miss Pokonic1's ghost.
Pokonic1's ghost is heavily damaged.
Pokonic1's ghost hits you! Pokonic1's ghost burns you.
You hit Pokonic1's ghost.
Pokonic1's ghost is severely damaged.
Pokonic1's ghost hits you!
* * * LOW HITPOINT WARNING * * *
Pokonic1's ghost burns you.
* * * LOW HITPOINT WARNING * * *
Pokonic1's ghost hits you but does no damage.
You feel better.
Pokonic1's ghost shrieks, "What do you have that I didn't have?"
Pokonic1's ghost hits you!
* * * LOW HITPOINT WARNING * * *
Pokonic1's ghost burns you.
* * * LOW HITPOINT WARNING * * *
You slash Pokonic1's ghost!
Your tail-slap misses Pokonic1's ghost.
Pokonic1's ghost is severely damaged.
Pokonic1's ghost hits you.
* * * LOW HITPOINT WARNING * * *
Pokonic1's ghost burns you.
* * * LOW HITPOINT WARNING * * *
You hit Pokonic1's ghost but do no damage.
Your punch misses Pokonic1's ghost.
Pokonic1's ghost is severely damaged.
Pokonic1's ghost hits you.
You die...

###################
#####.....#.....@.....###########
....'.....#.#..#W#..#.#..........
#####.....#..##)).##..###########
#####.....#..##...##..#
.)##......#.#..#.#..#.#
.)).......#.....)$...©##
#'##......##############
~.~##....^.....©.©.....#
~.~~##.................# #######


You could see Pokonic1's ghost.

Vanquished Creatures
  Grinder (D:3)
  2 ogres (D:3)
  A scorpion (D:2)
  A hound (D:3)
  Robin (D:2)
  4 gnolls (D:3)
  8 adders
  A dart slug (D:1)
  2 ribbon worms (D:2)
  7 orcs (D:3)
  8 bats
  7 endoplasms
  7 giant cockroaches
  18 goblins
  7 hobgoblins
  12 jackals
  A kobold (D:2)
  3 quokkas
  4 ball pythons
  4 frilled lizards (D:1)
  7 rats
106 creatures vanquished.

Notes
Turn   | Place    | Note
-------+----------+-------------------------------------------
     0 | D:1      | IdlyInterested the Demonspawn Gladiator began the quest for
                  | the Orb.
     0 | D:1      | Reached XP level 1. HP: 16/16 MP: 1/1
   107 | D:1      | Gained mutation: You are partially covered in molten
                  | scales. (AC +2) [demonic ancestry]
   107 | D:1      | Reached XP level 2. HP: 22/23 MP: 2/2
   465 | D:1      | Gained mutation: You have a small tail. [demonic ancestry]
   465 | D:1      | Reached XP level 3. HP: 29/29 MP: 3/3
  1309 | D:2      | Upgraded the game from 0.32-a0-35-gd9ff480968 to
                  | 0.32-a0-38-gb04dd89b9b
  1319 | D:2      | Reached skill level 1 in Unarmed Combat
  1319 | D:2      | Gained mutation: Spells you cast may paralyse adjacent
                  | enemies. [demonic ancestry]
  1319 | D:2      | Reached XP level 4. HP: 27/37 MP: 4/4
  1450 | D:2      | Noticed a scorpion
  1463 | D:2      | Killed a scorpion
  1464 | D:2      | Reached skill level 1 in Armour
  1585 | D:2      | Gained mutation: You have a tail ending in a sharp stinger.
                  | [demonic ancestry]
  1585 | D:2      | Reached XP level 5. HP: 27/43 MP: 5/5
  1914 | D:2      | Noticed Robin
  1936 | D:2      | Killed Robin
  2324 | D:3      | Reached skill level 5 in Fighting
  2360 | D:3      | Found an ornate altar of the Wu Jian Council.
  2360 | D:3      | Found a hazy altar of Hepliaklqana.
  2364 | D:3      | Found a stormy altar of Qazlal.
  2370 | D:3      | Reached skill level 1 in Short Blades
  2525 | D:3      | Reached skill level 1 in Stealth
  2638 | D:3      | Found a transporter.
  2638 | D:3      | Noticed Pokonic1's ghost (amateur OnBe)
  2638 | D:3      | Noticed an ogre
  2639 | D:3      | Noticed an ogre
  2641 | D:3      | Found a transporter.
  2680 | D:3      | Found a faded altar of an unknown god.
  2783 | D:3      | Reached XP level 6. HP: 13/51 MP: 6/6
  2788 | D:3      | HP: 2/51 [gnoll/+0 spear (2)]
  3297 | D:3      | Noticed Grinder
  3312 | D:3      | Killed Grinder
  3313 | D:3      | Reached skill level 1 in Shields
  3313 | D:3      | Reached XP level 7. HP: 17/56 MP: 7/7
  3584 | D:3      | Reached skill level 5 in Stealth
  3584 | D:3      | Reached skill level 1 in Spellcasting
  3598 | D:3      | Slain by Pokonic1's ghost

Illustrated notes

Levels and vault maps discovered:
D:1:      dpeg_arrival_round_a, layout_loops_corners
D:2:      wad_river_or_something, layout_basic, uniq_robin
D:3:      layout_basic, gammafunk_temple_overflow_claw,
          shapermc_ecumenical_altar_ellora, gammafunk_ghost_smash, uniq_grinder

Skill      XL: |  1  2  3  4  5  6  7 |
---------------+----------------------+-----
Axes           | 3 |  3.0
Fighting       | 3 4 5 |  5.0
Throwing       | 2 |  2.0
Unarmed Combat | 1 |  1.0
Armour         | 1 |  1.0
Short Blades   | 1 |  1.0
Stealth        | 1 4 5 |  5.1
Dodging        | 3 |  3.0
Shields        | 1 |  1.0
Spellcasting   | 1 |  1.0

Action                     |  1- 3 |  4- 6 |  7- 9 || total
---------------------------+-------+-------+-------++-------
  Melee: War axe           |   100 |   208 |    14 ||   322
         Tailslap          |     4 |    26 |     2 ||    32
         Punch             |     1 |     3 |     1 ||     5
  Throw: Stone             |       |       |     1 ||     1
  Evoke: Wand              |       |       |     3 ||     3
    Use: Scroll            |       |     4 |       ||     4
         Potion            |       |     1 |     1 ||     2
 Armour: Leather armour    |    13 |       |       ||    13
         Ring mail         |    60 |   194 |    16 ||   270
  Dodge: Dodged            |    89 |   164 |     2 ||   255

Table legend: (Time is in decaauts)
 A = Elapsed time spent in this place.
 B = Non-inter-level travel time spent in this place.
 C = Inter-level travel time spent in this place.
 D = Time resting spent in this place.
 E = Time spent auto-exploring this place.
 F = Levels seen in this place.
 G = Mean time per level.
                   A        B        C        D        E       F      G
               +--------+--------+--------+--------+--------+-----+--------+
         Total |   3710 |   3488 |    222 |    674 |   1909 |   3 | 1236.7 |
       Dungeon |   3710 |   3488 |    222 |    674 |   1909 |   3 | 1236.7 |
               +--------+--------+--------+--------+--------+-----+--------+

Top non-repeatable levels by time:
     D:3: 1321 daAuts
     D:2: 1255 daAuts
     D:1: 1133 daAuts
